AoeStats
← AiM | Fubuki Sinri

Arabia

510001514Analyzed
4v4 RM · 4d ago on Sep 29, 2026· 19m 52s· 8 players
Game mode
Random Map
Map size
Large (8 player)
Population
200
Speed
Normal
Resources
Standard
Victory
Conquest
Starting age
Dark Age
Ending age
Imperial Age
RankedLock teamsTeams togetherTeam positionsShared explorationLock speedFull tech treeHidden civsTurbo modeCheats
Victory
Defeat
🇨🇱 Ethiopians · Chile
1611
+10
🇦🇷 Magyars · Argentina
1580
+11
🇦🇷 Persians · Argentina
1569
+12
🇲🇽 Britons · Mexico
1554
+12
🇧🇷 Franks · Brazil
1601
-15
🇧🇷 Ethiopians · Brazil
1466
-11
🇧🇷 Magyars · Brazil
1433
-10
🇧🇷 Britons · Brazil
1414
-9
AiM | EleuieseKa
6:32 Loom
8:52 Feudal Age
11:01 Double-Bit Axe
14:58 Fletching
16:38 Padded Archer Armor
20:42 Wheelbarrow
AiM | Facu1414
6:08 Loom
8:55 Feudal Age
9:26 Double-Bit Axe
14:59 Forging
16:26 Scale Barding Armor
18:11 Bloodlines
AIM | Agua cate 98
1:20 Loom
5:41 Loom
6:38 Loom
9:31 Feudal Age
13:28 Double-Bit Axe
14:54 Horse Collar
16:23 Bloodlines
17:27 Wheelbarrow
18:25 Town Watch
19:17 Scale Barding Armor
AiM | Fubuki Sinri
6:10 Loom
9:05 Feudal Age
11:18 Fletching
15:03 Double-Bit Axe
Tamy Chan
6:21 Loom
8:43 Feudal Age
12:39 Town Watch
17:06 Fletching
Bet0
8:49 Feudal Age
9:27 Double-Bit Axe
10:23 Loom
10:20 Horse Collar
19:16 Scale Barding Armor
Flash_br
5:40 Loom
9:11 Feudal Age
11:04 Double-Bit Axe
14:17 Scale Barding Armor
16:24 Forging
17:26 Gold Mining
[cM] fcasalen
6:15 Loom
9:29 Feudal Age
11:21 Fletching
15:33 Horse Collar
18:38 Padded Archer Armor
Connection lost

Rejoining the realm…

Still unreachable

The connection could not be restored.

Session expired

The server has moved on; the page needs a fresh start.